 Dungeon Crawl Stone Soup version 0.29-a0-416-g83a48905f1 (webtiles) character file.

Game seed: 2681389312889421141

1213 zeratav the Geomancer (level 8, -1/46 HPs)
             Began as an Octopode Earth Elementalist on May 15, 2022.
             Slain by a sky beast (5 damage)
             ... on level 7 of the Dungeon on May 16, 2022.
             The game lasted 00:15:46 (6942 turns).

zeratav the Geomancer (Octopode Earth Elementalist) Turns: 6942, Time: 00:15:46

Health: -1/46      AC:  1    Str:  7    XL:     8   Next: 46%
Magic:  1/16       EV: 13    Int: 19    God:
Gold:   334        SH:  0    Dex: 13    Spells: 14/18 levels left

rFire   + . .      SeeInvis .   z - +0 rapier {short}
rCold   . . .      Faith    .   (no shield)
rNeg    . . .      Spirit   .   (helmet restricted)
rPois   .          Reflect  .   (no amulet)
rElec   .          Harm     .   j - ring of protection from fire
rCorr   +          Rampage  .   t - ring of resist corrosion
Will    .....                   (no ring)
Stlth   +++.......              (no ring)
HPRegen 0.15/turn               (no ring)
MPRegen 0.15/turn               (no ring)
                                (no ring)
                                (no ring)

@: very slightly contaminated
A: almost no armour, amphibious, 8 rings, camouflage 1, gelatinous body 1,
(nimble swimmer 1), tentacles
a: no special abilities


You were on level 7 of the Dungeon.
You visited 1 branch of the dungeon, and saw 7 of its levels.

You collected 334 gold pieces.


Innate Abilities, Weirdness & Mutations

You cannot wear most types of armour.
You are amphibious.
You can wear up to eight rings at the same time.
Your skin changes colour to match your surroundings (Stealth+).
Your rubbery body absorbs attacks. (AC +1, EV +1)
((You are camouflaged when in or above water. (Stealth+)))
You have tentacles for arms and can constrict up to eight enemies at once.


   Skills:
 - Level 2.0 Dodging
 - Level 2.6 Stealth
 + Level 5.5 Spellcasting
 - Level 1.0 Transmutations
 * Level 8.7 Earth Magic


You had 14 spell levels left.
You knew the following spells:

 Your Spells              Type           Power      Damage    Failure   Level
a - Sandblast             Erth           76%        2d16      1%          1
b - Stone Arrow           Conj/Erth      42%        3d9       6%          3

Your spell library contained the following spells:

 Spells                   Type           Power      Damage    Failure   Level
 Passwall                 Tmut/Erth      19%        N/A       2%          2
 Foxfire                  Conj/Fire      20%        2x1d5     12%         1
 Petrify                  Tmut/Erth      23%        N/A       16%         4
 Ensorcelled Hibernation  Hex/Ice        10%        N/A       19%         2
 Spider Form              Tmut/Pois      7%         N/A       28%         3
 Conjure Flame            Conj/Fire      5%         6-21      34%         3
 Inner Flame              Hex/Fire       5%         N/A       34%         3
 Anguish                  Hex/Necr       2%         N/A       75%         4
 Cause Fear               Hex            2%         N/A       75%         4
 Flame Wave               Conj/Fire      5%         2d5       75%         4
 Discord                  Hex            2%         N/A       100%        8

Inventory:

Hand Weapons
 x - a +3 mace {mace}
   (You took it off an orc on level 5 of the Dungeon)
 z - a +0 rapier (weapon) {short}
   (You found it on level 6 of the Dungeon)
Missiles
 a - 148 stones {throwing}
Magical Staves
 k - a staff of fire {staff}
   (You found it on level 2 of the Dungeon)
Jewellery
 g - an amulet of guardian spirit
   (You found it on level 2 of the Dungeon)
 j - a ring of protection from fire (left tentacle)
   (You found it on level 2 of the Dungeon)
 m - a ring of fire
   (You found it on level 3 of the Dungeon)
 t - a ring of resist corrosion (right tentacle)
   (You found it on level 4 of the Dungeon)
Wands
 n - a wand of charming (10)
   (You found it on level 7 of the Dungeon)
 y - a wand of mindburst (8)
   (You found it on level 6 of the Dungeon)
Scrolls
 c - 2 scrolls of fog
 e - a scroll of immolation {!r!r}
 f - 2 scrolls of poison {!r}
 i - a scroll of enchant armour
 o - 3 scrolls of vulnerability {!r!r}
 q - 2 scrolls of teleportation {unknown}
Potions
 b - a potion of magic
 d - a potion of might {unknown}
 h - a potion of heal wounds {unknown}
 l - a potion of flight {unknown}
 p - a potion of cancellation {unknown}
 r - a potion of berserk rage {!q}
 s - a potion of invisibility {unknown}
 u - a potion of mutation {unknown}
 v - a potion of haste {unknown}
 w - 2 potions of curing {unknown}

Dungeon Overview and Level Annotations

Branches:
Dungeon (7/15)             Temple (0/1) D:7

Altars:

Shops:
D:3 =   D:4 *

Annotations:
D:4 Sigmund
D:7 3 runed translucent doors, trckry's ghost, novice DsWn; xian's ghost, novice DrFi

###..#.# ####.# .#....#.#
#....# ...
.#.##.#.###.##.# ≈≈≈. .#.#
.#........# #≈.#####.#.#
.#........# .#≈.......#.#
.####+++### ..≈......##.#
.#PW......P# #≈......##[#
.#⌠.......⌠# ##≈...)g.@..#
.#P.......P#
≈≈≈..)...#...# #).....W..#
.........#.....##8.....8##
#.########....#.##[P⌠P.##
).<..# # ####.# .# ..


You could see a goblin.


Message History

You lost 1 mp, and now have 12/16 mp.
Unknown command.
A goblin comes into view. It is wielding a +3 spear.
A goblin comes into view. It is wielding a +0 spear.
You see here 11 gold pieces.
You now have 334 gold pieces (gained 11).
A goblin comes into view. It is wielding a +0 spear.
Casting: Sandblast (safe; 1% risk of failure)
Confirm with . or Enter, or press ? or * to list all spells.
Aiming: Sandblast (safe; 1% risk of failure)
Press: ? - help, Shift-Dir - straight line, f - goblin
Aim: a goblin, wielding a +3 spear (77% to hit)
The blast of sand hits the goblin!
You kill the goblin!
The goblin shouts!
A sky beast comes into view.
Casting: Sandblast (safe; 1% risk of failure)
Confirm with . or Enter, or press ? or * to list all spells.
Aiming: Sandblast (safe; 1% risk of failure)
Press: ? - help, Shift-Dir - straight line, f - goblin
Aim: a goblin, wielding a +0 spear (77% to hit)
The blast of sand misses the goblin.
A goblin comes into view. It is wielding a +0 spear.
MP[-1]
You lost 1 mp, and now have 11/16 mp.
Casting: Sandblast (safe; 1% risk of failure)
Confirm with . or Enter, or press ? or * to list all spells.
Aiming: Sandblast (safe; 1% risk of failure)
Press: ? - help, Shift-Dir - straight line, f/p - goblin
Aim: a goblin, wielding a +0 spear (77% to hit)
The blast of sand hits the goblin!!
You kill the goblin!
MP[-1]
You lost 1 mp, and now have 10/16 mp.
Casting: Sandblast (safe; 1% risk of failure)
Confirm with . or Enter, or press ? or * to list all spells.
Aiming: Stone Arrow (dangerous; 6% risk of failure)
Press: ? - help, Shift-Dir - straight line, f - sky beast
Aim: a sky beast (60% to hit)
The stone arrow hits the sky beast!
MP[-3]
You lost 3 mp, and now have 7/16 mp.
Casting: Stone Arrow (dangerous; 6% risk of failure)
Confirm with . or Enter, or press ? or * to list all spells.
Aiming: Stone Arrow (dangerous; 6% risk of failure)
Press: ? - help, Shift-Dir - straight line, f/p - sky beast
Aim: a sky beast (heavily wounded, 60% to hit)
The stone arrow misses the sky beast.
MP[-3]
You lost 3 mp, and now have 4/16 mp.
Casting: Stone Arrow (dangerous; 6% risk of failure)
Confirm with . or Enter, or press ? or * to list all spells.
Aiming: Stone Arrow (dangerous; 6% risk of failure)
Press: ? - help, Shift-Dir - straight line, f/p - sky beast
Aim: a sky beast (heavily wounded, 60% to hit)
You miscast Stone Arrow.
You are very lightly contaminated with residual magic.
Nothing appears to happen.
MP[-3]
You lost 3 mp, and now have 1/16 mp.
You hit the sky beast. You squeeze the sky beast! The goblin barely misses you.
The sky beast hits you. The sky beast shocks you. The goblin barely misses you.
HP[-8] MP[+1]
You take 8 damage, and now have 38/46 hp.
You hit the sky beast but do no damage. Your squeeze misses the sky beast.
The sky beast flickers out of sight!
Deactivating autopickup; reactivate with Ctrl-A.
Something hits you. Something shocks you. The goblin completely misses you.
The goblin hits you from afar with a +0 spear.
HP[-10]
You take 10 damage, and now have 28/46 hp.
MASSIVE DAMAGE!! (PAUSE)
Casting: Stone Arrow (dangerous; 6% risk of failure)
Confirm with . or Enter, or press ? or * to list all spells.
Aiming: Sandblast (safe; 1% risk of failure)
Press: ? - help, Shift-Dir - straight line, f - goblin
Aim: a goblin, wielding a +0 spear (77% to hit)
The blast of sand hits the goblin!
You kill the goblin!
Something hits you. Something shocks you.
* * * LOW HITPOINT WARNING * * *
The goblin hits you from afar with a +0 spear.
* * * LOW HITPOINT WARNING * * *
HP[-13] MP[-1]
You take 13 damage, and now have 15/46 hp.
MASSIVE DAMAGE!! (PAUSE)
You lost 1 mp, and now have 1/16 mp.
Something hits you.
* * * LOW HITPOINT WARNING * * *
Something shocks you.
* * * LOW HITPOINT WARNING * * *
HP[-8]
You take 8 damage, and now have 7/46 hp.
Aiming: Charm
Press: ? - help, Q - select action, (/) - cycle Shift-Dir - straight line Nothing appears to happen.
Something hits you.
* * * LOW HITPOINT WARNING * * *
Something shocks you.
You die...

Skill      XL: |  1  2  3  4  5  6  7  8 |
---------------+-------------------------+-----
Earth Magic    | 4 5 6 7 8 |  8.7
Spellcasting   | 3 4 5 |  5.5
Dodging        | |  2.0
Stealth        | |  2.6
Transmutations | |  1.0

Action                   |  1- 3 |  4- 6 |  7- 9 || total
-------------------------+-------+-------+-------++-------
Melee: Short sword       |    71 |    75 |    10 ||   156
       Tentacles         |    11 |    19 |     8 ||    38
       Constrict         |     7 |    16 |     7 ||    30
       Punch             |     2 |       |       ||     2
       Rapier            |       |       |    11 ||    11
 Cast: Sandblast         |    10 |    15 |    22 ||    47
       Stone Arrow       |       |     8 |    13 ||    21
Evoke: Wand              |       |       |     1 ||     1
  Use: Scroll            |       |       |     5 ||     5
 Stab: Sleeping          |    15 |    10 |     2 ||    27
       Distracted        |     1 |       |       ||     1
Armor: Skin              |     4 |     4 |     1 ||     9
Dodge: Dodged            |    46 |    52 |    27 ||   125

Levels and vault maps discovered:
D:1:      lemuel_arrival_funnel, layout_loops_corners
D:2:      minmay_chambers_of_ones, layout_basic,
          shapermc_ecumenical_altar_flowoftime
D:3:      minmay_inner_zag, layout_basic, serial_shops, shop,
          grunt_ministairs_11
D:4:      layout_rooms, serial_shops, shop, uniq_sigmund
D:5:      layout_basic, worldfamousw_hep_ancestral_shrine
D:6:      layout_loops_cross
D:7:      layout_basic, minmay_temple_entry_glassed_door, enter_bailey_3,
          gammafunk_ghost_cemetery, uniq_menkaure, uniq_duvessa

Notes
Turn   | Place    | Note
-------+----------+-------------------------------------------
     0 | D:1      | zeratav the Octopode Earth Elementalist began the quest for
                  | the Orb.
     0 | D:1      | Reached XP level 1. HP: 11/11 MP: 3/3
     0 | D:1      | magus.rc [v1.9.6]
   347 | D:1      | You fall into a shaft and drop 1 floor!
   384 | D:2      | Reached XP level 2. HP: 17/17 MP: 5/5
   389 | D:2      | Found a faded altar of an unknown god.
  1249 | D:2      | Reached XP level 3. HP: 21/21 MP: 6/6
  1434 | D:2      | Reached skill level 4 in Earth Magic
  2158 | D:3      | Reached XP level 4. HP: 16/27 MP: 5/8
  2398 | D:2      | Upgraded the game from 0.29-a0-409-gd843f3a48c to
                  | 0.29-a0-416-g83a48905f1
  2398 | D:2      | magus.rc [v1.9.6]
  2398 | D:2      | magus.rc [v1.9.6]
  2709 | D:3      | Reached skill level 3 in Spellcasting
  2982 | D:3      | Learned a level 3 spell: Stone Arrow
  2983 | D:3      | Found Qauhi's Jewellery Shop.
  2988 | D:3      | Reached skill level 5 in Earth Magic
  2988 | D:3      | Reached XP level 5. HP: 31/31 MP: 4/9
  3872 | D:4      | Reached XP level 6. HP: 33/36 MP: 11/11
  3966 | D:4      | Noticed Sigmund
  3999 | D:4      | Found Qonesa's General Store.
  4266 | D:4      | Reached skill level 6 in Earth Magic
  4398 | D:5      | Entered Level 5 of the Dungeon
  4573 | D:5      | Reached skill level 4 in Spellcasting
  4785 | D:5      | You pick up a book of Dreams and begin reading...
  4785 | D:5      | You add the spells Ensorcelled Hibernation, Spider Form and
                  | Anguish to your library.
  4819 | D:5      | You pick up a book of Flames and begin reading...
  4819 | D:5      | You add the spells Foxfire, Conjure Flame, Inner Flame and
                  | Flame Wave to your library.
  4992 | D:5      | Reached XP level 7. HP: 37/41 MP: 13/13
  5486 | D:6      | Reached skill level 7 in Earth Magic
  6057 | D:6      | Reached XP level 8. HP: 46/46 MP: 9/15
  6143 | D:6      | You pick up a book of Hexes and begin reading...
  6143 | D:6      | You add the spells Cause Fear and Discord to your library.
  6327 | D:6      | Reached skill level 5 in Spellcasting
  6380 | D:6      | Reached skill level 8 in Earth Magic
  6850 | D:7      | Found a runed translucent gate.
  6851 | D:7      | Found a runed translucent gate.
  6852 | D:7      | Found a runed translucent gate.
  6852 | D:7      | Noticed xian's ghost (novice DrFi)
  6852 | D:7      | Noticed trckry's ghost (novice DsWn)
  6867 | D:7      | Found a staircase to the Ecumenical Temple.
  6923 | D:7      | Noticed Menkaure
  6926 | D:7      | Killed Menkaure
  6941 | D:7      | HP: 7/46 [something (5)]
  6942 | D:7      | Slain by a sky beast

Vanquished Creatures
  Menkaure (D:7)
  A water moccasin (D:6)
  A centaur (D:6)
  A phantom (D:5)
  3 bullfrogs (D:6)
  A necrophage (D:6)
  3 scorpions
  2 jellies
  5 hounds
  An iguana (D:6)
  7 adders
  2 white imps
  A dart slug (D:3)
  16 orcs
  5 ball pythons
  8 endoplasms
  7 giant cockroaches
  5 goblins
  6 hobgoblins
  3 jackals (D:2)
  6 quokkas
  6 bats
  3 frilled lizards
  6 kobolds
  4 rats
104 creatures vanquished.

Vanquished Creatures (others)
  A withered plant (D:7)
1 creature vanquished.

Grand Total: 105 creatures vanquished

Table legend:
 A = Non-vault XP
 B = Vault XP
 C = Vault XP percentage of total XP
 D = Non-vault monster count
 E = Vault monster count
 F = Vault count percentage of total count
                 A         B        C        D         E       F
            +---------+---------+-------+---------+---------+-------
      Total |    1518 |     215 |  12.4 |      86 |      18 |  17.3
            +---------+---------+-------+---------+---------+-------
        D:1 |       5 |       0 |   0.0 |       4 |       0 |   0.0
        D:2 |      53 |       8 |  13.1 |      23 |       5 |  17.9
        D:3 |     114 |      32 |  21.9 |      19 |       9 |  32.1
        D:4 |     298 |       0 |   0.0 |      15 |       0 |   0.0
        D:5 |     157 |       0 |   0.0 |       8 |       0 |   0.0
        D:6 |     801 |       0 |   0.0 |      15 |       0 |   0.0
        D:7 |      90 |     175 |  66.0 |       2 |       4 |  66.7
            +---------+---------+-------+---------+---------+-------

Illustrated notes

Table legend:
 A = Kills in this place as a percentage of kills in entire the game.
 B = Kills by you in this place as a percentage of kills by you in the entire game.
 C = Kills by friends in this place as a percentage of kills by friends in the entire game.
 D = Other kills in this place as a percentage of other kills in the entire game.
 E = Experience gained in this place as a percentage of experience gained in the entire game.
 F = Experience gained in this place divided by the number of levels of this place that you have seen.
                   A       B       C       D       E      F
               +-------+-------+-------+-------+-------+----------------------
         Total | 100.0 | 100.0 |   N/A |   N/A | 100.0 | 247.6
       Dungeon | 100.0 | 100.0 |   N/A |   N/A | 100.0 | 247.6
               +-------+-------+-------+-------+-------+----------------------

Table legend: (Time is in decaauts)
 A = Elapsed time spent in this place.
 B = Non-inter-level travel time spent in this place.
 C = Inter-level travel time spent in this place.
 D = Time resting spent in this place.
 E = Time spent auto-exploring this place.
 F = Levels seen in this place.
 G = Mean time per level.
                   A        B        C        D        E       F      G
               +--------+--------+--------+--------+--------+-----+--------+
         Total |   6957 |   6535 |    422 |   2541 |   2094 |   7 |  993.9 |
       Dungeon |   6957 |   6535 |    422 |   2541 |   2094 |   7 |  993.9 |
               +--------+--------+--------+--------+--------+-----+--------+

Top non-repeatable levels by time:
     D:2: 2072 daAuts
     D:6: 1375 daAuts
     D:4: 1039 daAuts
     D:5: 991 daAuts
     D:3: 951 daAuts
     D:1: 347 daAuts
     D:7: 179 daAuts
